 Dungeon Crawl Stone Soup version 0.29-a0-284-gf9362112df (webtiles) character file.

Game seed: 9099780287718138792

2 domi the Magician (level 1, -2/13 HPs)
             Began as a Demonspawn Hedge Wizard on Mar 22, 2022.
             Slain by a gnoll
             ... wielding a +0 club
              (6 damage)
             ... on level 1 of the Dungeon.
             The game lasted 00:00:20 (124 turns).

domi the Magician (Demonspawn Hedge Wizard)          Turns: 124, Time: 00:00:20

Health: -2/13      AC:  2    Str: 10    XL:     1   Next: 25%
Magic:  0/4        EV: 12    Int: 15    God:
Gold:   0          SH:  0    Dex: 12    Spells: 5/6 levels left

rFire   . . .      SeeInvis .   a - +0 dagger
rCold   . . .      Faith    .   (no shield)
rNeg    . . .      Spirit   .   b - +0 robe
rPois   .          Reflect  .   c - +0 hat
rElec   .          Harm     .   (no cloak)
rCorr   .          Rampage  .   (no gloves)
Will    .....                   (no boots)
Stlth   ++........              (no amulet)
HPRegen 0.04/turn               (no ring)
MPRegen 0.09/turn               (no ring)

@: no status effects
A: no striking features
a: no special abilities


You were on level 1 of the Dungeon.
You visited 1 branch of the dungeon, and saw 1 of its levels.

Inventory:

Hand Weapons
 a - a +0 dagger (weapon)
Armour
 b - a +0 robe (worn)
 c - a +0 hat (worn)
Potions
 d - a potion of magic


   Skills:
 - Level 1.7 Dodging
 - Level 1.7 Stealth
 + Level 3.0 Spellcasting
 * Level 1.1 Conjurations
 - Level 1.0 Summonings
 - Level 0.8 Translocations


You had 5 spell levels left.
You knew the following spells:

 Your Spells              Type           Power      Damage    Failure   Level
z - Magic Dart            Conj           20%        1d4       12%         1

Your spell library contained the following spells:

 Spells                   Type           Power      Damage    Failure   Level
 Slow                     Hex            8%         N/A       21%         1
 Call Imp                 Summ           5%         N/A       21%         2
 Blink                    Tloc           8%         N/A       22%         2
 Conjure Flame            Conj/Fire      4%         6-21      43%         3
 Mephitic Cloud           Conj/Pois/Air  3%         N/A       45%         3


Dungeon Overview and Level Annotations

Branches:
Dungeon (1/15)

Altars:


Message History

Welcome, domi the Demonspawn Hedge Wizard.
It is said that the Orb of Zot exists deep within this dungeon.
Found a staircase leading out of the dungeon.
You open the door.
There is an open door here.
A rat comes into view.
A rat is nearby!
A rat is nearby!
A rat is nearby!
Aim: a rat (asleep, 100% to hit)
The magic dart hits the rat.
You now have 3/4 mp.
Aim: a rat (severely wounded, 100% to hit)
The magic dart hits the rat.
You kill the rat!
You can't see any susceptible monsters within range! (Use Z to cast anyway.)
You now have 2/4 mp.
You can't see any susceptible monsters within range! (Use Z to cast anyway.)
You can't see any susceptible monsters within range! (Use Z to cast anyway.) Unknown command.
Found a stone staircase leading down.
MP restored: 4 A bat comes into view.
A bat is nearby!
A bat is nearby!
Aim: a bat (asleep, 100% to hit)
The magic dart hits the bat.
You kill the bat!
A ball python comes into view.
You now have 3/4 mp.
Aim: a ball python (wandering, hasn't noticed you, 100% to hit)
The magic dart hits the ball python.
The ball python hisses angrily.
Aim: a ball python (moderately wounded, 100% to hit)
The magic dart hits the ball python.
You kill the ball python!
You now have 1/4 mp.
Unknown command.
There is a stone staircase leading down here.
You see here a +0 robe.
A gnoll comes into view. It is wielding a +0 club.
MP restored: 4 A gnoll is nearby!
A gnoll is nearby!
Aim: a gnoll, wielding a +0 club (asleep, 100% to hit)
The magic dart hits the gnoll but does no damage.
The gnoll shouts!
You now have 3/4 mp.
Aim: a gnoll, wielding a +0 club (100% to hit)
The magic dart hits the gnoll but does no damage.
Aim: a gnoll, wielding a +0 club (100% to hit)
The magic dart hits the gnoll but does no damage.
You now have 1/4 mp.
Aim: a gnoll, wielding a +0 club (100% to hit)
The magic dart hits the gnoll.
The gnoll hits you with a +0 club!
Ouch! That really hurt!
You don't have enough magic to cast this spell.
You take 9 damage, and have 4/13 hp.
MASSIVE DAMAGE!!
You now have 0/4 mp.
The gnoll attacks as you move away! The gnoll barely misses you.
The gnoll attacks as you move away! The gnoll hits you with a +0 club.
You die...

#### ...##########
...........>#
##.########.##
##.########.[##
..............######
...##.#.###.....#..#
##....#.###.....#..#
#.####......#..@..###
#.# #####..#...g#..#
# #.# ######.....#..#
..# #..#.....# ###
#..#..#....#
######.....# ..# ..
.# ##


You could see a gnoll.

Vanquished Creatures
  A ball python (D:1)
  A bat (D:1)
  A rat (D:1)
3 creatures vanquished.

Notes
Turn   | Place    | Note
-------+----------+-------------------------------------------
     0 | D:1      | domi the Demonspawn Hedge Wizard began the quest for the
                  | Orb.
     0 | D:1      | Reached XP level 1. HP: 13/13 MP: 4/4
   124 | D:1      | Slain by a gnoll

Illustrated notes

Levels and vault maps discovered:
D:1:      evilmike_arrival_plus, layout_loops_ring, serial_shops,
          nicolae_shop_temple_entry_statues_fountains, hangedman_decor_push,
          minmay_misc_feat_plants

Action                   || total
-------------------------++-------
 Cast: Magic Dart        ||     9
Dodge: Dodged            ||     1

Table legend: (Time is in decaauts)
 A = Elapsed time spent in this place.
 B = Non-inter-level travel time spent in this place.
 C = Inter-level travel time spent in this place.
 D = Time resting spent in this place.
 E = Time spent auto-exploring this place.
 F = Levels seen in this place.
 G = Mean time per level.
                   A        B        C        D        E       F      G
               +--------+--------+--------+--------+--------+-----+--------+
         Total |    124 |    124 |      0 |      0 |    108 |   1 |  124.0 |
       Dungeon |    124 |    124 |      0 |      0 |    108 |   1 |  124.0 |
               +--------+--------+--------+--------+--------+-----+--------+

Top non-repeatable levels by time:
     D:1: 124 daAuts

Table legend:
 A = Kills in this place as a percentage of kills in entire the game.
 B = Kills by you in this place as a percentage of kills by you in the entire game.
 C = Kills by friends in this place as a percentage of kills by friends in the entire game.
 D = Other kills in this place as a percentage of other kills in the entire game.
 E = Experience gained in this place as a percentage of experience gained in the entire game.
 F = Experience gained in this place divided by the number of levels of this place that you have seen.
                   A       B       C       D       E      F
               +-------+-------+-------+-------+-------+----------------------
         Total | 100.0 | 100.0 |   N/A |   N/A | 100.0 |   3.0
       Dungeon | 100.0 | 100.0 |   N/A |   N/A | 100.0 |   3.0
               +-------+-------+-------+-------+-------+----------------------
